 Dungeon Crawl Stone Soup version 0.27.1-1-g398f81649c (console) character file.

Game seed: 6020067088441788133

74 om the Cudgeller (level 4, -10/44 HPs)
             Began as a Troll Monk on Sept 9, 2021.
             Mangled by an orc warrior (19 damage)
             ... on level 2 of the Dungeon.
             The game lasted 00:03:06 (1527 turns).

om the Cudgeller (Troll Monk)                       Turns: 1527, Time: 00:03:07

Health: -10/44     AC:  4    Str: 19    XL:     4   Next: 10%
Magic:  3/3        EV: 10    Int:  6    God:
Gold:   54         SH:  0    Dex: 13    Spells: 3/3 levels left

rFire    . . .     SeeInvis .   a - +0 mace
rCold    . . .     Faith    .   (no shield)
rNeg     . . .     Spirit   .   b - +0 robe
rPois    .         Reflect  .   (helmet restricted)
rElec    .         Harm     .   (no cloak)
rCorr    .         Rampage  .   (gloves unavailable)
Will     .....                  (boots unavailable)
Stlth    ++........             (no amulet)
HPRegen  1.14/turn              (no ring)
MPRegen  0.08/turn              (no ring)

@: no status effects
A: large, unfitting armour, claws 3, regeneration 1, shaggy fur 1, tough skin 1
a: no special abilities


You were on level 2 of the Dungeon.
You visited 1 branch of the dungeon, and saw 3 of its levels.

You collected 54 gold pieces.

Inventory:

Hand Weapons
 a - a +0 mace (weapon)
Armour
 b - a +0 robe (worn)
Scrolls
 g - a scroll of noise {unknown}
Potions
 c - 2 potions of resistance {unknown}
 d - 2 potions of might {unknown}
 e - a potion of degeneration {unknown}


   Skills:
 + Level 2.9 Fighting
 * Level 3.7 Maces & Flails
 + Level 2.9 Dodging
 - Level 1.0 Stealth


You had 3 spell levels left.
You didn't know any spells.
Your spell library was empty.

Dungeon Overview and Level Annotations

Branches:
Dungeon (3/15)

Altars:


Innate Abilities, Weirdness & Mutations

You are too large for most types of armour.
You have claws for hands.
Your natural rate of healing is unusually fast.
You are covered in fur. (AC +1)
You have tough skin. (AC +1)


Message History

An orc comes into view. It is wielding a +0 short sword.
There is a stone staircase leading up here.
The orc warrior hits you with a +0 battleaxe!
You climb upwards.
There is a stone staircase leading down here.
The orc warrior hits you with a +0 battleaxe.
You see here a +0 robe.
You see here a +0 ring mail.
You see here 22 sling bullets.
You hit the orc warrior.
The orc warrior is lightly wounded.
The orc warrior hits you with a +0 battleaxe!!
Ouch! That really hurt!
You hit the orc warrior but do no damage.
The orc warrior is lightly wounded.
The orc warrior closely misses you.
You closely miss the orc warrior.
The orc warrior is lightly wounded.
The orc warrior closely misses you. The orc warrior barely misses you.
You barely miss the orc warrior.
The orc warrior is lightly wounded.
The orc warrior hits you with a +0 battleaxe.
You see here 20 sling bullets.
There is a stone staircase leading up here.
The orc warrior closely misses you.
You see here a +0 whip.
You hit the orc warrior but do no damage.
The orc warrior is lightly wounded.
The orc warrior hits you with a +0 battleaxe!!
You closely miss the orc warrior.
The orc warrior is lightly wounded.
The orc warrior barely misses you.
You hit the orc warrior but do no damage.
The orc warrior is lightly wounded.
The orc warrior hits you with a +0 battleaxe!!
* * * LOW HITPOINT WARNING * * *
You closely miss the orc warrior.
The orc warrior is lightly wounded.
The orc warrior hits you with a +0 battleaxe!!
You die...

##.#.####.####..#.#
#..#
#.......(........#
#..#
###.####.####..###
#..# #(†..#.#
#..#######..#
########.#.#
#...........#
....(....#.#
##.########.#
.##....>...# #.#
#.# ....###..###
#.# #<# ###
.######.(# #.#
#.#####..
.#.......# #o#
#...(....
.#.####.## #@#
#######.> .#.# #.#
#.# ##. ...# #.#
#.# ####. ...####.#
#.# #.... ........#
#.# #.##. #..######
#.# #.##. #..# #.#
#†### #.<########
#.# #.###
#......†..# #.#
#.... #.#######.#
#.# #.#.# #.# #.#
#.############...#


You could see an orc warrior.

Vanquished Creatures
  Terence (D:2)
  A worm (D:2)
  2 dart slugs (D:1)
  7 endoplasms
  2 giant cockroaches (D:1)
  A goblin (D:1)
  2 hobgoblins
  3 jackals (D:2)
  3 kobolds
  A quokka (D:2)
  4 ball pythons
  7 bats
  5 frilled lizards
  2 rats (D:2)
41 creatures vanquished.

Notes
Turn   | Place    | Note
-------+----------+-------------------------------------------
     0 | D:1      | om the Troll Monk began the quest for the Orb.
     0 | D:1      | Reached XP level 1. HP: 22/22 MP: 0/0
   163 | D:1      | Reached skill level 3 in Maces & Flails
   170 | D:1      | Reached XP level 2. HP: 29/29 MP: 1/1
   295 | D:1      | Found a faded altar of an unknown god.
   782 | D:2      | Reached XP level 3. HP: 36/36 MP: 2/2
  1277 | D:2      | Noticed Terence
  1315 | D:2      | Killed Terence
  1316 | D:2      | Reached XP level 4. HP: 37/44 MP: 3/3
  1423 | D:3      | Noticed an orc warrior
  1527 | D:2      | Mangled by an orc warrior

Illustrated notes

Levels and vault maps discovered:
D:1:      dpeg_arrival_radiant, layout_basic,
          shapermc_ecumenical_altar_starsandcircs
D:2:      layout_loops_ring, uniq_terence
D:3:      layout_loops_ring, slow_altar_1

Skill      XL: |  1 |
---------------+----+-----
Maces & Flails | 3 |  3.7
Fighting       | |  2.9
Dodging        | |  2.9
Stealth        | |  1.0

Action                   |  1- 3 |  4- 6 || total
-------------------------+-------+-------++-------
Melee: Mace              |   129 |    13 ||   142
Throw: Throwing net      |     1 |       ||     1
  Use: Scroll            |     1 |       ||     1
 Stab: Sleeping          |     4 |       ||     4
Armor: Robe              |    49 |       ||    49
Dodge: Dodged            |    83 |     7 ||    90
